[ AOE2 MATCH · #508392623 ]
UnrankedChinese vs Bohemians
Player's team · WIN
Rival team · LOSS
[ REPLAY ANALYSIS · EXTRACTED FROM THE RECORDED GAME ]
Feudal
8:33
Castle
20:48
Imperial
36:38
| APM avg | 69.0 |
| APM peak | 120 |
| eAPM avg | 29.6 |
| Villagers / military | 164 / 242 |
Focus
⚔️ 39.1% · 🌾 60.9%
Knight ×121 · Scout Cavalry ×73 · Skirmisher ×40 · Trebuchet (Packed) ×8
Feudal
9:01
Castle
22:47
Imperial
38:22
| APM avg | 79.7 |
| APM peak | 142 |
| eAPM avg | 38.7 |
| Villagers / military | 158 / 121 |
Focus
⚔️ 55.5% · 🌾 44.5%
Archer ×56 · Spearman ×22 · Scout Cavalry ×15 · Bombard Cannon ×10 · Monk ×8 · Skirmisher ×6
Match map
Initial resources + every placement click. Lines = walls · curves = elevation contours. ◆ gold · ⬟ stone · ● berries · ✦ relic · ◌ wall gap
Your base· Open — unwalled flank
Aaag Boy 1's base· Open — 4t gap
Smoothed initial terrain · ◌ = detected wall gap · hover for details
Inputs per minute
— Liêm học IT - - Aaag Boy 1
Build order — Liêm học IT
First 150 of 438 actions detected
| 0:02 | Research | Loom |
| 0:02 | Research | Loom |
| 0:40 | Queue | Villager (Male) |
| 0:40 | Queue | Villager (Male) |
| 1:08 | Queue | Villager (Male) |
| 1:38 | Queue | Villager (Male) |
| 1:38 | Queue | Villager (Male) |
| 1:57 | Build | Lumber Camp |
| 2:03 | Queue | Villager (Male) |
| 2:22 | Queue | Villager (Male) |
| 2:22 | Queue | Villager (Male) |
| 2:43 | Queue | Villager (Male) |
| 2:44 | Queue | Villager (Male) |
| 3:00 | Queue | Villager (Male) |
| 3:00 | Queue | Villager (Male) |
| 3:22 | Build | House |
| 3:34 | Queue | Villager (Male) |
| 3:35 | Queue | Villager (Male) |
| 3:35 | Queue | Villager (Male) |
| 4:10 | Queue | Villager (Male) |
| 4:10 | Queue | Villager (Male) |
| 4:32 | Queue | Villager (Male) |
| 4:32 | Queue | Villager (Male) |
| 4:51 | Queue | Villager (Male) |
| 4:53 | Queue | Villager (Male) |
| 5:02 | Build | Mill |
| 6:23 | Research | Feudal Age |
| 6:23 | Research | Feudal Age |
| 6:54 | Build | House |
| 6:55 | Build | Barracks |
| 8:33 | Age | Feudal Age |
| 8:34 | Build | Stable |
| 8:37 | Queue | Villager (Male) |
| 8:44 | Research | Double-Bit Axe |
| 9:01 | Build | Palisade Wall |
| 9:02 | Build | Palisade Wall |
| 9:10 | Queue | Villager (Male) |
| 9:13 | Build | House |
| 9:14 | Build | Palisade Wall |
| 9:16 | Build | Palisade Wall |
| 9:17 | Build | Palisade Wall |
| 9:24 | Build | House |
| 9:26 | Build | Palisade Wall |
| 9:34 | Queue | Scout Cavalry |
| 9:35 | Queue | Villager (Male) |
| 9:46 | Queue | Villager (Male) |
| 9:48 | Build | Farm |
| 9:48 | Build | Farm |
| 9:51 | Build | Farm |
| 9:51 | Build | Farm |
| 10:02 | Build | Farm |
| 10:03 | Queue | Scout Cavalry |
| 10:21 | Queue | Villager (Male) |
| 10:25 | Queue | Scout Cavalry |
| 10:25 | Queue | Scout Cavalry |
| 10:33 | Build | Farm |
| 10:34 | Build | Farm |
| 10:57 | Build | House |
| 10:58 | Queue | Villager (Male) |
| 10:58 | Queue | Villager (Male) |
| 11:09 | Build | House |
| 11:11 | Build | House |
| 11:25 | Queue | Villager (Male) |
| 11:27 | Build | Farm |
| 11:30 | Build | Farm |
| 11:39 | Queue | Scout Cavalry |
| 11:39 | Queue | Scout Cavalry |
| 11:59 | Queue | Villager (Male) |
| 12:03 | Build | Archery Range |
| 12:31 | Queue | Villager (Male) |
| 12:32 | Queue | Villager (Male) |
| 12:44 | Build | Blacksmith |
| 12:54 | Queue | Skirmisher |
| 12:54 | Queue | Skirmisher |
| 12:55 | Queue | Skirmisher |
| 12:58 | Queue | Villager (Male) |
| 13:10 | Build | Farm |
| 13:18 | Queue | Skirmisher |
| 13:19 | Queue | Skirmisher |
| 13:19 | Queue | Skirmisher |
| 13:19 | Queue | Skirmisher |
| 13:28 | Research | Fletching |
| 13:34 | Queue | Skirmisher |
| 13:53 | Build | Mining Camp |
| 13:54 | Queue | Villager (Male) |
| 13:56 | Build | Farm |
| 14:01 | Queue | Skirmisher |
| 14:05 | Research | Padded Archer Armor |
| 14:14 | Queue | Skirmisher |
| 14:16 | Queue | Villager (Male) |
| 14:23 | Build | Farm |
| 14:25 | Queue | Villager (Male) |
| 15:13 | Queue | Villager (Male) |
| 15:13 | Queue | Villager (Male) |
| 15:14 | Queue | Skirmisher |
| 15:14 | Queue | Skirmisher |
| 15:19 | Queue | Scout Cavalry |
| 15:21 | Queue | Villager (Male) |
| 15:24 | Build | Farm |
| 15:45 | Queue | Villager (Male) |
| 15:47 | Queue | Skirmisher |
| 15:50 | Build | Farm |
| 16:09 | Build | House |
| 16:25 | Build | Market |
| 16:26 | Queue | Villager (Male) |
| 16:40 | Queue | Skirmisher |
| 16:42 | Build | Watch Tower |
| 16:47 | Queue | Villager (Male) |
| 17:33 | Queue | Villager (Male) |
| 17:51 | Build | Farm |
| 18:08 | Research | Castle Age |
| 18:28 | Queue | Skirmisher |
| 18:28 | Queue | Skirmisher |
| 18:53 | Queue | Skirmisher |
| 19:11 | Queue | Skirmisher |
| 19:19 | Build | House |
| 19:28 | Build | Lumber Camp |
| 19:36 | Research | Horse Collar |
| 19:36 | Research | Horse Collar |
| 19:41 | Build | House |
| 19:51 | Queue | Skirmisher |
| 20:10 | Queue | Skirmisher |
| 20:48 | Age | Castle Age |
| 20:51 | Build | Town Center |
| 20:52 | Queue | Villager (Male) |
| 20:52 | Queue | Villager (Male) |
| 20:52 | Queue | Villager (Male) |
| 21:02 | Queue | Villager (Male) |
| 21:04 | Research | Elite Skirmisher (upgrade) |
| 21:04 | Research | Elite Skirmisher (upgrade) |
| 21:05 | Research | Bodkin Arrow |
| 21:10 | Queue | Villager (Male) |
| 21:24 | Build | Farm |
| 21:28 | Research | Bow Saw |
| 21:28 | Research | Bow Saw |
| 21:33 | Queue | Villager (Male) |
| 21:43 | Queue | Villager (Male) |
| 21:45 | Build | Farm |
| 21:51 | Queue | Knight |
| 21:53 | Queue | Villager (Male) |
| 21:59 | Queue | Villager (Male) |
| 22:08 | Build | Farm |
| 22:14 | Queue | Skirmisher |
| 22:19 | Queue | Villager (Male) |
| 22:19 | Queue | Villager (Male) |
| 22:20 | Queue | Villager (Male) |
| 22:37 | Queue | Villager (Male) |
| 22:37 | Queue | Villager (Male) |
| 22:54 | Queue | Villager (Male) |
| 23:13 | Queue | Villager (Male) |
Build order — Aaag Boy 1
First 150 of 442 actions detected
| 0:01 | Queue | Villager (Male) |
| 0:01 | Queue | Villager (Male) |
| 0:02 | Build | House |
| 0:03 | Build | House |
| 0:12 | Queue | Villager (Male) |
| 0:12 | Queue | Villager (Male) |
| 1:25 | Queue | Villager (Male) |
| 1:26 | Queue | Villager (Male) |
| 2:10 | Queue | Villager (Male) |
| 2:10 | Queue | Villager (Male) |
| 2:11 | Queue | Villager (Male) |
| 2:16 | Build | Lumber Camp |
| 2:27 | Queue | Villager (Male) |
| 2:27 | Queue | Villager (Male) |
| 2:27 | Queue | Villager (Male) |
| 2:49 | Queue | Villager (Male) |
| 2:49 | Queue | Villager (Male) |
| 3:04 | Queue | Villager (Male) |
| 3:04 | Queue | Villager (Male) |
| 3:08 | Build | House |
| 3:27 | Queue | Villager (Male) |
| 3:27 | Queue | Villager (Male) |
| 3:53 | Queue | Villager (Male) |
| 3:53 | Queue | Villager (Male) |
| 4:25 | Queue | Villager (Male) |
| 5:11 | Queue | Villager (Male) |
| 5:11 | Queue | Villager (Male) |
| 5:25 | Build | Barracks |
| 5:32 | Queue | Villager (Male) |
| 6:00 | Build | House |
| 6:17 | Research | Loom |
| 6:18 | Research | Loom |
| 6:30 | Build | Palisade Wall |
| 6:44 | Research | Feudal Age |
| 6:45 | Research | Feudal Age |
| 7:03 | Queue | Militia |
| 7:03 | Queue | Militia |
| 7:19 | Build | Mining Camp |
| 7:24 | Queue | Militia |
| 7:35 | Build | House |
| 7:42 | Queue | Militia |
| 8:38 | Queue | Villager (Male) |
| 9:01 | Age | Feudal Age |
| 9:15 | Research | Man-at-Arms (upgrade) |
| 9:16 | Queue | Villager (Male) |
| 9:20 | Build | Archery Range |
| 9:37 | Queue | Villager (Male) |
| 9:39 | Build | Mill |
| 9:51 | Queue | Spearman |
| 9:56 | Queue | Villager (Male) |
| 10:17 | Queue | Spearman |
| 10:23 | Queue | Archer |
| 10:24 | Queue | Archer |
| 10:32 | Queue | Villager (Male) |
| 10:36 | Build | House |
| 10:38 | Build | Palisade Wall |
| 10:50 | Build | House |
| 10:51 | Build | Palisade Wall |
| 11:00 | Queue | Villager (Male) |
| 11:00 | Queue | Villager (Male) |
| 11:08 | Build | Blacksmith |
| 11:09 | Queue | Archer |
| 11:25 | Build | Farm |
| 11:32 | Build | Farm |
| 11:33 | Queue | Villager (Male) |
| 11:58 | Queue | Villager (Male) |
| 12:01 | Build | Palisade Wall |
| 12:06 | Queue | Archer |
| 12:37 | Build | Farm |
| 12:42 | Queue | Villager (Male) |
| 12:45 | Queue | Villager (Male) |
| 12:47 | Build | Farm |
| 12:50 | Build | Farm |
| 12:52 | Build | Farm |
| 12:58 | Build | Palisade Wall |
| 13:00 | Build | Palisade Wall |
| 13:11 | Queue | Spearman |
| 13:18 | Build | Palisade Wall |
| 13:21 | Queue | Archer |
| 13:26 | Research | Fletching |
| 13:38 | Queue | Villager (Male) |
| 13:49 | Build | Farm |
| 13:55 | Queue | Villager (Male) |
| 14:04 | Queue | Villager (Male) |
| 14:08 | Build | Farm |
| 14:11 | Build | House |
| 14:15 | Queue | Villager (Male) |
| 14:16 | Queue | Archer |
| 14:55 | Queue | Villager (Male) |
| 14:57 | Build | Farm |
| 15:00 | Build | Farm |
| 15:12 | Queue | Villager (Male) |
| 15:13 | Queue | Archer |
| 15:23 | Build | Farm |
| 15:31 | Queue | Skirmisher |
| 15:49 | Queue | Skirmisher |
| 15:57 | Queue | Villager (Male) |
| 15:59 | Research | Double-Bit Axe |
| 15:59 | Research | Double-Bit Axe |
| 16:02 | Build | House |
| 16:09 | Queue | Skirmisher |
| 16:12 | Queue | Villager (Male) |
| 16:26 | Research | Padded Archer Armor |
| 16:30 | Build | Farm |
| 16:46 | Queue | Villager (Male) |
| 17:03 | Queue | Villager (Male) |
| 17:04 | Queue | Skirmisher |
| 17:13 | Build | Farm |
| 17:15 | Build | Farm |
| 17:16 | Build | Farm |
| 17:18 | Build | Farm |
| 17:22 | Queue | Skirmisher |
| 17:39 | Queue | Villager (Male) |
| 17:41 | Build | House |
| 17:42 | Build | Farm |
| 17:58 | Build | Farm |
| 17:59 | Queue | Villager (Male) |
| 18:22 | Queue | Skirmisher |
| 18:44 | Queue | Villager (Male) |
| 18:51 | Build | House |
| 19:12 | Queue | Villager (Male) |
| 19:16 | Build | Stable |
| 19:22 | Queue | Archer |
| 19:43 | Build | Archery Range |
| 19:48 | Queue | Archer |
| 20:07 | Research | Castle Age |
| 20:12 | Queue | Archer |
| 20:20 | Research | Horse Collar |
| 20:31 | Queue | Scout Cavalry |
| 20:31 | Queue | Scout Cavalry |
| 20:36 | Build | Farm |
| 20:36 | Build | Farm |
| 20:36 | Build | Farm |
| 20:40 | Queue | Archer |
| 20:40 | Queue | Archer |
| 20:46 | Queue | Archer |
| 20:46 | Queue | Archer |
| 20:49 | Queue | Scout Cavalry |
| 21:00 | Build | House |
| 21:02 | Build | House |
| 21:11 | Build | House |
| 21:16 | Queue | Scout Cavalry |
| 21:20 | Queue | Archer |
| 21:37 | Build | House |
| 21:44 | Queue | Scout Cavalry |
| 21:49 | Queue | Archer |
| 22:11 | Research | Scale Barding Armor |
| 22:11 | Research | Scale Barding Armor |
| 22:21 | Queue | Villager (Male) |
| 22:47 | Age | Castle Age |
Match timeline
| 5:25 | Aaag Boy 1 · first_building Barracks |
| 6:30 | Aaag Boy 1 · wall_segment Palisade Wall x1 |
| 6:55 | Liêm học IT · first_building Barracks |
| 8:33 | Liêm học IT · age_up feudal |
| 8:34 | Liêm học IT · first_building Stable |
| 9:01 | Liêm học IT · wall_segment Palisade Wall x1 |
| 9:01 | Aaag Boy 1 · age_up feudal |
| 9:02 | Liêm học IT · wall_segment Palisade Wall x1 |
| 9:14 | Liêm học IT · wall_segment Palisade Wall x1 |
| 9:16 | Liêm học IT · wall_segment Palisade Wall x2 |
| 9:17 | Liêm học IT · wall_segment Palisade Wall x1 |
| 9:20 | Aaag Boy 1 · first_building Archery Range |
| 9:26 | Liêm học IT · wall_segment Palisade Wall x1 |
| 10:38 | Aaag Boy 1 · wall_segment Palisade Wall x6 |
| 10:51 | Aaag Boy 1 · wall_segment Palisade Wall x1 |
| 12:01 | Aaag Boy 1 · wall_segment Palisade Wall x4 |
| 12:03 | Liêm học IT · first_building Archery Range |
| 12:58 | Aaag Boy 1 · wall_segment Palisade Wall x4 |
| 13:00 | Aaag Boy 1 · wall_segment Palisade Wall x5 |
| 13:18 | Aaag Boy 1 · wall_segment Palisade Wall x4 |
| 19:16 | Aaag Boy 1 · first_building Stable |
| 20:42 | Liêm học IT · first_market_buy 100 wood |
| 20:48 | Liêm học IT · age_up castle |
| 22:47 | Aaag Boy 1 · age_up castle |
| 25:28 | Aaag Boy 1 · first_building Monastery |
| 32:50 | Liêm học IT · first_building Monastery |
| 32:54 | Liêm học IT · first_building Siege Workshop |
| 33:33 | Liêm học IT · first_building Castle |
| 34:31 | Aaag Boy 1 · first_building Castle |
| 35:06 | Aaag Boy 1 · first_market_buy 100 food |
| 36:38 | Liêm học IT · age_up imperial |
| 36:50 | Liêm học IT · first_market_sell 100 food |
| 36:51 | Aaag Boy 1 · first_building Siege Workshop |
| 38:22 | Aaag Boy 1 · age_up imperial |
| 38:31 | Aaag Boy 1 · first_market_sell 100 food |
| 42:38 | Aaag Boy 1 · wall_segment Palisade Wall x1 |
| 43:59 | Aaag Boy 1 · resign |
[ AI ANALYSIS · 1 CREDIT ]
What really happened in this match?
Wolo.gg analyzes every decision: build order, eco, micro, common mistakes by bracket. Personalized analysis on WhatsApp or Discord in 30 seconds.
Civ guide
Chinese
Perfil
Jugador #14648183